 Dungeon Crawl Stone Soup version 0.24.0-5-g267a8d59f4 (webtiles) character file.

Game seed: 3824072248513621419, levelgen mode: deterministic

242 mortelune the Skirmisher (level 5, 0/42 HPs)
             Began as a Demonspawn Abyssal Knight on Nov 1, 2019.
             Was a Believer of Lugonu.
             Slain by a gnoll
             ... wielding a +0 whip
              (2 damage)
             ... on level 3 of the Dungeon.
             The game lasted 00:06:38 (3889 turns).

mortelune the Skirmisher (DsAK)                     Turns: 3889, Time: 00:06:38

Health: 0/42       AC:  6    Str: 13    XL:     5   Next: 82%
Magic:  6/6        EV: 11    Int: 13    God:    Lugonu [**....]
Gold:   154        SH:  0    Dex: 13    Spells: 4/4 levels left

rFire    . . .     SeeInvis .   a - +2 falchion
rCold    . . .     Gourm    .   (no shield)
rNeg     . . .     Faith    .   b - +1 leather armour
rPois    .         Spirit   .   (no helmet)
rElec    .         Reflect  .   (no cloak)
rCorr    .         Harm     .   (no gloves)
MR       .....                  (no boots)
Stlth    +.........             (no amulet)
HPRegen  0.14/turn              (no ring)
MPRegen  0.10/turn              (no ring)

@: very slightly contaminated
A: hooves 1, thin metallic scales 1
a: Depart the Abyss, Bend Space, Renounce Religion


You were on level 3 of the Dungeon.
You worshipped Lugonu.
Lugonu was pleased with you.
You were hungry.

You visited 1 branch of the dungeon, and saw 5 of its levels.
You visited the Abyss 1 time.

You collected 154 gold pieces.

Inventory:

Hand Weapons
 a - a +2 falchion (weapon)
Missiles
 d - 6 atropa-tipped darts (quivered)
Armour
 b - a +1 leather armour (worn)
Jewellery
 g - an uncursed ring of fire {unknown}
Wands
 n - a wand of flame (5)
Scrolls
 i - a scroll of identify
Potions
 k - a potion of mutation {unknown}
 o - a potion of curing {unknown}
Comestibles
 c - 8 rations
 f - a chunk of flesh


   Skills:
 + Level 4.1 Fighting
 * Level 4.1 Long Blades
 + Level 3.1 Armour
 - Level 1.0 Dodging
 - Level 2.5 Invocations


You had 4 spell levels left.
You didn't know any spells.
Your spell library was empty.

Dungeon Overview and Level Annotations

Branches:
Dungeon (5/15)
 Temple: D:4-7

Altars:
Ashenzari
Fedhas
Ru
Uskayaw
Yredelemnul

Annotations:
D:4 1 runed translucent door, Nattefrost's ghost, novice MfHu


Innate Abilities, Weirdness & Mutations

You have large cloven feet.
You are partially covered in thin metallic scales. (AC +2)


Message History

Okay, then.
Okay, then.
Blink to where?
Press: ? - help, Dir - move target cursor You are very lightly contaminated with residual magic.
As you read the scroll of blinking, it crumbles to dust.
An orc comes into view. It is wielding a -2 halberd.
The orc shouts!
Found a scroll of enchant weapon and a club.
Found a stone staircase leading up.
An iguana comes into view.
The iguana hisses angrily.
The orc barely misses you.
There is a stone staircase leading up here.
The orc closely misses you.
You climb upwards.
The gnoll shouts!
The adder hisses angrily.
The orc shouts!
The orc priest shouts!
The orc shouts!
You hear a shout!
The adder barely misses you. The gnoll hits you with a +0 whip.
You die...

#..).....#
#..[.....#
#........#
#..o.[...#
#.o......#
#........#####
##....oS.......
.......@g......
.#########.....
... .


You could see an orc priest, a gnoll, an adder and 2 orcs.

Vanquished Creatures
  An iguana (D:3)
  Ijyb (D:3)
  10 gnolls
  2 adders
  An ooze (D:2)
  3 worms (D:2)
  3 dart slugs
  3 leopard geckos
  A giant cockroach (D:1)
  5 goblins
  2 hobgoblins
  5 jackals
  8 kobolds
  2 quokkas (D:2)
  5 bats
  5 frilled lizards
  9 rats
  A spectral orc (D:2)
67 creatures vanquished.

Vanquished Creatures (others)
  5 toadstools (D:1)
5 creatures vanquished.

Grand Total: 72 creatures vanquished

Notes
Turn   | Place    | Note
-------+----------+-------------------------------------------
     0 | Abyss:1  | mortelune the Demonspawn Abyssal Knight began the quest for
                  | the Orb.
     0 | Abyss:1  | Reached XP level 1. HP: 18/18 MP: 2/2
    38 | Abyss:1  | Noticed a worldbinder
    39 | D:1      | Escaped the Abyss
    58 | D:1      | Reached skill level 1 in Dodging
   226 | D:1      | Gained mutation: You are partially covered in thin metallic
                  | scales. (AC +2) [demonic ancestry]
   226 | D:1      | Reached XP level 2. HP: 18/24 MP: 3/3
   384 | D:1      | Reached * piety under Lugonu
   385 | D:1      | You fall into a shaft and drop 1 floor!
   532 | D:2      | Found a shattered altar of Ashenzari.
   538 | D:2      | Reached XP level 3. HP: 29/29 MP: 4/4
  1653 | D:2      | Gained mutation: You have large cloven feet. [demonic
                  | ancestry]
  1653 | D:2      | Reached XP level 4. HP: 22/35 MP: 5/5
  2458 | D:2      | Found a basalt altar of Yredelemnul.
  2694 | D:2      | Reached ** piety under Lugonu
  2975 | D:2      | Reached XP level 5. HP: 34/42 MP: 6/6
  3266 | D:2      | Found a sacrificial altar of Ru.
  3279 | D:3      | Found a hide-covered altar of Uskayaw.
  3581 | D:3      | Noticed Ijyb
  3603 | D:3      | Killed Ijyb
  3765 | D:3      | Found a blossoming altar of Fedhas.
  3767 | D:3      | You fall into a shaft and drop 1 floor!
  3779 | D:5      | Entered Level 5 of the Dungeon
  3848 | D:4      | Found a runed translucent door.
  3849 | D:4      | Noticed Nattefrost's ghost (novice MfHu)
  3882 | D:4      | HP: 1/42 [gnoll/+0 flail (8)]
  3889 | D:3      | Slain by a gnoll

Levels and vault maps discovered:
D:1:      ldierk_walled_garden, layout_loops_ring
D:2:      layout_loops_ring, yredelemnul_forgotten_temple_becter,
          lemuel_crystal_altar, nicolae_ru_path_of_blood
D:3:      layout_basic, fedhas_ov_isle_minmay, led_xom_imps, lemuel_round_altar,
          first_ration, uniq_terence, uniq_ijyb, uniq_crazy_yiuf_cottage
D:4:      layout_cave_pools, kennysheep_little_box, ebering_ghost_sewer_d,
          serial_shops, shop
D:5:      layout_gridville, lemuel_coloured_pillars_altar,
          nicolae_gozag_cash_rules_everything_around_me

Skill      XL: |  1  2  3  4  5 |
---------------+----------------+-----
Dodging        | 1 |  1.0
Long Blades    | 2 3 4 |  4.1
Armour         | 2 3 |  3.1
Fighting       | 4 |  4.1
Invocations    | |  2.5

Action                   |  1- 3 |  4- 6 || total
-------------------------+-------+-------++-------
Melee: Falchion          |    92 |   118 ||   210
       Kick              |       |    42 ||    42
Invok: Depart the Abyss  |     1 |       ||     1
       Bend Space        |       |     1 ||     1
  Use: Scroll            |       |     8 ||     8
  Eat: Chunk             |     2 |     7 ||     9
Armor: Leather armour    |    23 |    26 ||    49
Dodge: Dodged            |    48 |    64 ||   112
       Rpst.: Falchion   |    16 |    18 ||    34
